 Seeded DCSS version 0.30.1-11-g7821555f0a (webtiles) character file.

Game seed: 3677821746841223284 (custom seed)

83 Psyclone the Conjurer (level 4, 24/24 HPs)
             Began as a Deep Elf Conjurer on Nov 7, 2023.
             Was an Initiate of Gozag.
             Quit the game on level 1 of the Dungeon.
             The game lasted 00:03:41 (1983 turns).

Psyclone the Conjurer (Deep Elf Conjurer)           Turns: 1983, Time: 00:03:42

Health: 24/24      AC:  4    Str:  4    XL:     4   Next: 22%
Magic:  12/12      EV: 12    Int: 25    God:    Gozag
Gold:   4          SH:  0    Dex: 13    Spells: 8/11 levels left

rFire   . . .        (no weapon)
rCold   . . .        (no shield)
rNeg    . . .        a - +0 robe
rPois   .            (no helmet)
rElec   .            (no cloak)
rCorr   .            (no gloves)
SInv    .            (no boots)
Will    .....        (no amulet)
Stlth   ++           (no ring)
HPRegen 0.24/turn    (no ring)
MPRegen 0.13/turn

%: no passive effects
@: mighty
A: iridescent scales 1, sturdy frame 1, noise suppression
a: Renounce Religion, Potion Petition, Call Merchant, Bribe Branch


You were on level 1 of the Dungeon.
You worshipped Gozag.
Gozag was noncommittal.
You visited 1 branch of the dungeon, and saw 2 of its levels.

You collected 1516 gold pieces.
You spent 945 gold pieces at shops.
You paid 567 gold pieces to Gozag.

Inventory:

Armour
 a - a +0 robe (worn)
 f - the +0 steam dragon scales of Mumblety Peg {+Blink}
   (You bought it in a shop on level 1 of the Dungeon)

   +Blink:    It lets you blink.
Scrolls
 c - 2 scrolls of butterflies {unknown}
 e - 3 scrolls of identify {@r1}
Potions
 b - a potion of magic
 d - a potion of curing
 g - a potion of cancellation


   Skills:
 - Level 2.4 Dodging
 - Level 2.4 Stealth
 + Level 4.2 Spellcasting
 * Level 5.8 Conjurations


You had 8 spell levels left.
You knew the following spells:

 Your Spells              Type           Power      Damage    Failure   Level
a - Magic Dart            Conj           100%       1d8       1%          1
b - Searing Ray           Conj           68%        2d6       1%          2

Your spell library contained the following spells:

 Spells                   Type           Power      Damage    Failure   Level
 Dazzling Flash           Conj/Hex       38%        N/A       9%          3
 Fulminant Prism          Conj/Hex       9%         3d7       26%         4
 Iskenderun's Mystic Bla  Conj/Tloc      19%        2d6       26%         4


Dungeon Overview and Level Annotations

Branches:
Dungeon (2/15) Zot: 10009

Altars:
Gozag

Shops:
D:1 [


Innate Abilities, Weirdness & Mutations

You are partially covered in iridescent scales. (AC +2)
Your movements are slightly less encumbered by armour. (ER -2)
You passively dampen the noise of your surroundings.


Message History

Found 7 stones.
There is an open door here.
You see here 7 stones.
There is a stone staircase leading down here.
You open the door.
There is an open door here.
There is an open door here.
You enter the shallow water.
Moving in this stuff is going to be slow.
You enter the shallow water.
Moving in this stuff is going to be slow.
You enter the shallow water.
Moving in this stuff is going to be slow.
You enter the shallow water.
Moving in this stuff is going to be slow.
You enter the shallow water.
Moving in this stuff is going to be slow.
Done exploring.
Done exploring.
Okay, then.
It was a potion of might.
You feel very mighty all of a sudden.
Okay, then.
As you read the scroll labelled XAOTIM FEROT, it crumbles to dust.
It is a scroll of identify.
g - a potion of cancellation
Okay, then.
Okay, then.
Unknown command.
There is a stone staircase leading up here.
You climb upwards.
There is a stone staircase leading down here.
There is an opulent altar of Gozag here.
There is an entrance to Tear's Antique Armour Shoppe here.
You no longer have enough gold to petition Gozag for potion effects.
f - the +0 steam dragon scales of Mumblety Peg {+Blink} Thank you for shopping at Tear's Antique Armour Shoppe!
Unknown command.
Unknown command.
Are you sure you want to abandon this character and quit the game? (Confirm with "yes".)

...................##
.......#.#####.#....#
.......#.......#.##.#
.......##......#.##.#
.......##......#.##.#
...............#.##.#
...............#.##.#
#######..........##.#
#........_@...#
###........####
#........# #........#
####...#.# #.#...#
#.##.>#
############.#####
...........#.#


There were no monsters in sight!

Vanquished Creatures
  4 adders (D:2)
  A worm (D:2)
  2 dart slugs
  4 endoplasms
  3 giant cockroaches
  3 goblins
  3 hobgoblins
  3 jackals (D:1)
  2 quokkas (D:2)
  5 ball pythons
  A bat (D:1)
  A frilled lizard (D:1)
  4 kobolds
  3 rats
39 creatures vanquished.

Notes
Turn   | Place    | Note
-------+----------+-------------------------------------------
     0 | D:1      | Psyclone the Deep Elf Conjurer began the quest for the Orb.
     0 | D:1      | Reached XP level 1. HP: 10/10 MP: 6/6
    21 | D:1      | Gained mutation: Your movements are slightly less
                  | encumbered by armour. (ER -2) [potion of mutation]
    21 | D:1      | Gained mutation: You passively dampen the noise of your
                  | surroundings. [potion of mutation]
    21 | D:1      | Gained mutation: You are partially covered in iridescent
                  | scales. (AC +2) [potion of mutation]
   130 | D:1      | Found a faded altar of an unknown god.
   139 | D:1      | Reached XP level 2. HP: 15/15 MP: 0/8
   162 | D:1      | Identified a scroll of acquirement
   162 | D:1      | Acquired 1271 gold pieces
   175 | D:1      | Prayed at the altar of an unknown god.
   175 | D:1      | Became a worshipper of Gozag Ym Sagoz the Greedy
   815 | D:1      | Reached skill level 5 in Conjurations
   960 | D:2      | Learned a level 2 spell: Searing Ray
  1025 | D:2      | Reached XP level 3. HP: 19/19 MP: 3/10
  1554 | D:2      | Reached XP level 4. HP: 24/24 MP: 8/12
  1983 | D:1      | Bought distressingly furry steam dragon scales for 945 gold
                  | pieces
  1983 | D:1      | Identified the +0 steam dragon scales of Mumblety Peg
                  | {+Blink} (You bought it in a shop on level 1 of the
                  | Dungeon)
  1983 | D:1      | Quit the game

Illustrated notes

Levels and vault maps discovered:
D:1:      scummos_arrival_forest, layout_basic, basic_ecumenical_altar
D:2:      minmay_evil_eye, layout_basic, corexii_leaking_fountain,
          grunt_ministairs_4, serial_bayou_crossing

Skill      XL: |  1  2  3 |
---------------+----------+-----
Conjurations   | 5 |  5.8
Spellcasting   | 4 |  4.2
Dodging        | |  2.4
Stealth        | |  2.4

Action                     |  1- 3 |  4- 6 || total
---------------------------+-------+-------++-------
   Cast: Magic Dart        |    61 |    15 ||    76
         Searing Ray       |     1 |       ||     1
 Invoke: Call Merchant     |     1 |       ||     1
    Use: Potion            |     2 |     1 ||     3
         Scroll            |     1 |     1 ||     2
